 Dungeon Crawl Stone Soup version 0.23.2-1-ga50397a (webtiles) character file.

Game seed: 15075409789557919221

105 Kairos the Sneak (level 4, 0/23 HPs)
             Began as a Vine Stalker Assassin on June 1, 2019.
             Slain by Ijyb
             ... wielding a +5 club
              (2 damage)
             ... on level 2 of the Dungeon.
             The game lasted 00:03:28 (1676 turns).

Kairos the Sneak (Vine Stalker Assassin)            Turns: 1676, Time: 00:03:28

Health: 0/23       AC:  3    Str: 13    XL:     4   Next: 83%
Magic:  0/5        EV: 12    Int: 11    God:
Gold:   198        SH:  0    Dex: 17    Spells: 3/3 levels left

rFire    . . .     SeeInvis .   a - +2 dagger
rCold    . . .     Gourm    .   (no shield)
rNeg     . . .     Faith    .   c - +0 robe
rPois    .         Spirit   +   (no helmet)
rElec    .         Reflect  .   d - +0 cloak
rCorr    .         Harm     .   (no gloves)
MR       .....                  (no boots)
Stlth    +++.......             (no amulet)
HPRegen  0.47/turn              (no ring)
MPRegen  0.09/turn              (no ring)

@: no status effects
A: fangs 2, regeneration 1, magic shield, antimagic bite, no potion heal 3, rot
immunity
a: no special abilities


You were on level 2 of the Dungeon.
You were hungry.

You visited 1 branch of the dungeon, and saw 3 of its levels.

You collected 198 gold pieces.

Inventory:

Hand Weapons
 a - a +2 dagger (weapon)
 b - a +0 blowgun
Missiles
 e - 8 poisoned needles
 f - 2 curare-tipped needles
 t - 8 needles of frenzy
Armour
 c - a +0 robe (worn)
 d - a +0 cloak (worn)
Wands
 s - a wand of iceblast (11)
 u - a wand of random effects (18)
Scrolls
 h - 3 scrolls of fog {unknown}
 j - 3 scrolls of remove curse {unknown}
 n - 3 scrolls of identify {unknown}
 o - 2 scrolls of immolation {unknown}
 p - a scroll of teleportation {unknown}
 q - a scroll of noise {unknown}
 v - a scroll of random uselessness {unknown}
 w - a scroll of blinking {unknown}
Potions
 i - 3 potions of curing {unknown}
 k - a potion of agility {unknown}
 l - 2 potions of might {unknown}
 m - a potion of lignification {unknown}
 r - a potion of magic {unknown}
Comestibles
 g - 6 rations


   Skills:
 + Level 2.2 Fighting
 + Level 2.9 Short Blades
 + Level 1.8 Throwing
 + Level 1.2 Dodging
 + Level 6.2 Stealth


You had 3 spell levels left.
You didn't know any spells.
Your spell library was empty.

Dungeon Overview and Level Annotations

Branches:
Dungeon (3/15)

Altars:
Elyvilon
Fedhas
Qazlal

Annotations:
D:2 Ijyb


Innate Abilities, Weirdness & Mutations

You have extremely sharp teeth.
Your natural rate of healing is unusually fast.
When hurt, damage is shared between your health and your magic reserves.
Your bite disrupts and absorbs the magic of your enemies.
Potions cannot restore your health.
You are immune to rotting.


Message History

Aiming: Random Effects
Press: ? - help, Shift-Dir - straight line, f - Ijyb
Aim: Ijyb, wielding a +5 club, wearing a +0 scale mail and carrying a wand of scattershot (4) (heavily wounded)
The mass of ice explodes!
The iceblast engulfs the kobold!
You kill the kobold!
The iceblast engulfs Ijyb.
Ijyb is severely wounded.
The iceblast engulfs you!
Ouch! That really hurt!
* * * LOW HITPOINT WARNING * * *
You hit Ijyb but do no damage. You bite Ijyb, but do no damage.
Ijyb is severely wounded.
You barely miss Ijyb. You bite Ijyb. You drain her power.
You feel invigorated.
Ijyb is severely wounded.
Ijyb hits you with a +5 club!
* * * LOW HITPOINT WARNING * * *
You closely miss Ijyb.
Ijyb is severely wounded.
Ijyb hits you with a +5 club.
You die...

##..## ##.#.#.##.# #..#
.##.# #.......<# #..# ..###
##†##.....# #..#
#..#####.###.###.# #..#
##..##...#.#.....# #..#
#..###........##.#### #..#
..## #.###..#...>...# #..#
.## #.# #....##g##.# #..# ##
#.# #.##.##@##.#####..# #
##.###.................#
#####...#####.##.##.#####.##
.................##.# #.#
#####...#####.......# #.# #
##.## ######### #.## ####
#.# #..# ##.###.# ##.#
#.#.##.# #.#


You could see Ijyb.

Vanquished Creatures
  3 adders
  A worm (D:2)
  2 dart slugs (D:1)
  8 bats
  8 giant cockroaches
  5 goblins
  8 hobgoblins
  11 jackals
  2 quokkas (D:3)
  4 frilled lizards
  7 kobolds
  7 rats
66 creatures vanquished.

Notes
Turn   | Place    | Note
-------+----------+-------------------------------------------
     0 | D:1      | Kairos the Vine Stalker Assassin began the quest for the
                  | Orb.
     0 | D:1      | Reached XP level 1. HP: 11/11 MP: 2/2
    12 | D:1      | Reached skill level 5 in Stealth
    46 | D:1      | Reached XP level 2. HP: 14/15 MP: 3/3
   323 | D:1      | Reached XP level 3. HP: 18/18 MP: 4/4
   885 | D:2      | Reached skill level 1 in Dodging
   906 | D:2      | Gained mutation: Your natural rate of healing is unusually
                  | fast. [Vine Stalker growth]
   906 | D:2      | Reached XP level 4. HP: 23/23 MP: 5/5
  1241 | D:3      | Found a blossoming altar of Fedhas.
  1244 | D:3      | Found a stormy altar of Qazlal.
  1247 | D:3      | Found a white marble altar of Elyvilon.
  1349 | D:3      | Reached skill level 6 in Stealth
  1632 | D:3      | Noticed Ijyb
  1676 | D:2      | Slain by Ijyb

Skill      XL: |  1  2  3  4 |
---------------+-------------+-----
Stealth        | 5 6 |  6.2
Fighting       | 2 |  2.2
Short Blades   | 2 |  2.9
Dodging        | 1 |  1.2
Throwing       | |  1.8

Action                   |  1- 3 |  4- 6 || total
-------------------------+-------+-------++-------
Melee: Dagger            |   116 |    70 ||   186
       Bite              |    31 |    15 ||    46
Evoke: Wand              |       |     3 ||     3
 Stab: Sleeping          |     9 |     8 ||    17
       Distracted        |       |     1 ||     1
  Eat: Chunk             |       |     2 ||     2
Armor: Robe              |    28 |    12 ||    40
Dodge: Dodged            |    86 |    43 ||   129
